Map: Ascension to Aiur LE

Players

Juxtapose

  • Race: Zerg Zerg
  • League: Gold
  • Spawn Location: 11:00

SiCkDiLemMa - Winner!

  • Race: Zerg Zerg
  • League: Silver
  • Spawn Location: 5:00

VOD

https://youtu.be/SHM8jy0BhxQ

Description

My opponent was very clever with his early, hidden expansion. That allowed him to out resource and definitely out produce me.

I also "fell asleep" early on and took too long to get my first Extractor and Spawning Pool, and simply hurt myself a lot more.

Time

  • Played on: Nov. 4, 2017, 1:32 p.m.
  • Length: 11:56
Show
View Real Time Build Order
Export as new Build Order

Juxtapose Zerg 

Build Orders: Hatch First 

Get SALT Encoding   

  12  0:01  Drone  
  13  0:10  Drone  
  14  0:17  Overlord  
  14  0:38  Drone x2  
  16  0:43  Overlord  
  16  1:01  Drone, Hatchery  
  16  1:06  Drone  
  17  1:16  Drone  
  18  1:22  Drone  
  19  1:33  Drone  
  19  1:36  Extractor  
  19  1:40  Spawning Pool  
  19  1:44  Drone  
  19  1:54  Drone  
  20  2:11  Drone  
  21  2:16  Drone  
  22  2:25  Drone  
  22  2:28  Queen  
  25  2:30  Zergling x2  
  25  2:33  Spine Crawler  
  25  2:36  Spine Crawler  
  24  2:38  Drone  
  24  2:39  Drone  
  24  2:41  Drone  
  27  2:50  Drone  
  28  2:52  Metabolic Boost  
  28  2:55  Drone, Queen  
  31  2:59  Drone  
  31  3:00  Overlord  
  32  3:09  Extractor  
  31  3:16  Drone x2  
  33  3:21  Zergling x2  
  33  3:23  Zergling x2  
  34  3:33  Zergling x2  
  35  3:39  Zergling x6  
  38  3:44  Zergling x6  
  40  4:01  Zergling x6  
  41  4:12  Roach Warren  
  40  4:20  Drone x3  
  40  4:21  Drone  
  40  4:22  Overlord  
  44  4:30  Lair  
  44  4:35  Evolution Chamber  
  44  4:36  Drone  
  44  4:39  Queen  
  47  4:52  Drone  
  47  4:53  Drone x2  
  47  4:55  Roach  
  47  4:59  Overlord x2  
  51  5:02  Zerg Ground Armor Level 1  
  51  5:09  Drone  
  51  5:26  Roach  
  51  5:27  Roach x5  
  62  5:34  Extractor  
  61  5:36  Drone x2  
  61  5:37  Drone, Extractor  
  61  5:39  Roach x2  
  67  5:43  Overlord  
  67  5:46  Glial Reconstitution  
  67  6:08  Hydralisk Den  
  67  6:09  Zergling x10  
  67  6:10  Zergling x2  
  59  6:43  Roach  
  59  6:44  Roach x7  
  73  6:50  Overlord x3  
  73  6:51  Overlord  
  73  7:00  Ravager x2  
  75  7:21  Zerg Missile Weapons Level 1  
  75  7:32  Hydralisk x7  
  75  7:33  Hydralisk  
  91  7:38  Hatchery  
  90  7:45  Queen  
  74  8:35  Roach  
  74  8:36  Hydralisk x5, Roach x5  
  74  8:37  Hydralisk x2  
  100  8:46  Queen  
  102  8:57  Hydralisk x3  
  108  9:04  Drone  
  109  9:12  Ravager x4  
  113  9:35  Overlord  
  113  9:36  Overlord x3  
  113  9:40  Spine Crawler  
  112  9:49  Overlord x2  
  112  9:57  Hydralisk  
  112  9:59  Drone x2  
  116  10:14  Drone x5  
  118  10:18  Hydralisk  
  118  10:20  Roach  
  124  10:43  Muscular Augments, Hydralisk  
  124  10:44  Hydralisk x3  
  132  10:50  Drone  
  132  10:51  Drone x2  
  135  10:57  Overlord  
  135  11:02  Overseer x2  
  135  11:03  Overseer  
  135  11:14  Unknown  
  135  11:15  Unknown  
  79  11:35  Zergling x10  
  79  11:36  Zergling x14  
  79  11:37  Zergling x14  
Show
View Real Time Build Order
Export as new Build Order

SiCkDiLemMa Zerg - Winner!

Build Orders: Hatch First, Swarm Host 

Get SALT Encoding   

  12  0:02  Drone  
  13  0:08  Drone  
  14  0:41  Overlord  
  14  0:56  Hatchery  
  13  1:00  Drone x2  
  13  1:01  Drone  
  16  1:14  Spawning Pool  
  16  1:15  Drone  
  16  1:20  Extractor  
  16  1:22  Drone  
  16  1:36  Drone  
  17  1:46  Drone  
  18  2:01  Zergling x2  
  18  2:07  Zergling x2  
  20  2:09  Hatchery  
  20  2:11  Drone  
  20  2:17  Drone  
  20  2:21  Metabolic Boost  
  21  2:27  Zergling x2  
  21  2:29  Drone  
  23  2:30  Drone  
  24  2:43  Zergling x2  
  25  2:48  Drone  
  25  2:49  Drone  
  27  2:53  Roach Warren  
  26  2:58  Zergling x2  
  26  3:01  Drone  
  28  3:13  Overlord  
  28  3:21  Zergling x2  
  28  3:25  Overlord  
  28  3:33  Zergling x4  
  30  3:42  Drone x3  
  30  3:45  Zergling x4  
  34  3:54  Zergling x2  
  34  3:55  Zergling x2  
  34  4:05  Drone x2  
  34  4:06  Queen  
  37  4:16  Evolution Chamber  
  37  4:17  Drone x2  
  38  4:18  Drone x2  
  38  4:19  Drone  
  38  4:21  Extractor  
  40  4:24  Drone  
  40  4:25  Baneling Nest  
  40  4:26  Drone  
  40  4:27  Extractor  
  40  4:35  Roach  
  40  4:36  Spine Crawler  
  40  4:37  Roach  
  43  4:43  Drone x2  
  45  4:47  Roach  
  45  4:49  Lair  
  45  4:50  Roach  
  49  4:57  Drone, Overlord  
  50  5:13  Baneling x3  
  50  5:16  Roach x2  
  54  5:25  Overlord  
  54  5:30  Overlord  
  54  5:33  Overlord x2, Zerg Ground Armor Level 1  
  54  5:44  Overlord  
  54  5:45  Drone x2  
  54  5:46  Drone  
  54  5:48  Drone x3  
  60  5:51  Roach, Baneling x2  
  60  5:55  Drone  
  63  6:02  Drone  
  66  6:04  Roach  
  66  6:09  Ravager  
  67  6:12  Roach  
  67  6:13  Roach  
  67  6:17  Roach  
  73  6:27  Roach  
  71  6:35  Roach  
  71  6:36  Roach  
  75  6:40  Roach  
  74  6:48  Roach  
  74  6:50  Zergling x2  
  74  6:53  Zergling x6  
  80  6:56  Drone  
  80  7:01  Queen, Roach  
  83  7:06  Roach, Zergling x2  
  88  7:09  Hatchery  
  85  7:18  Roach x2  
  85  7:21  Zergling x2  
  85  7:22  Zergling x2  
  87  7:30  Drone x2  
  87  7:31  Drone  
  90  7:38  Hatchery  
  90  7:41  Drone  
  90  7:46  Overlord  
  90  7:49  Overlord  
  90  7:51  Zerg Ground Armor Level 2  
  90  7:55  Overlord  
  90  8:00  Drone, Spire, Extractor  
  90  8:01  Queen, Spore Crawler  
  84  8:16  Zergling x12  
  84  8:17  Zergling x6  
  90  8:21  Drone x2  
  90  8:24  Drone x3  
  95  8:28  Glial Reconstitution  
  95  8:29  Drone  
  95  8:30  Drone  
  95  8:31  Drone  
  95  8:32  Drone  
  95  8:33  Evolution Chamber  
  98  8:35  Drone  
  99  8:49  Roach x5  
  99  8:54  Centrifical Hooks  
  109  8:56  Zergling x6  
  109  9:01  Zergling x4, Zerg Melee Weapons Level 1  
  114  9:04  Zergling x4  
  117  9:11  Infestation Pit  
  117  9:12  Drone  
  117  9:13  Drone, Overlord x2  
  118  9:17  Baneling  
  118  9:18  Baneling x5  
  118  9:19  Baneling x5  
  118  9:20  Baneling x3  
  118  9:23  Overlord x3  
  118  9:26  Overlord  
  118  9:30  Baneling x2  
  118  9:39  Zergling x14  
  118  9:40  Zergling x10  
  130  9:47  Drone x3, Extractor  
  132  9:54  Hive  
  132  9:58  Zergling x8  
  136  10:04  Zergling x8  
  140  10:13  Swarm Host x4  
  140  10:14  Swarm Host x3  
  149  10:17  Zergling x6  
  149  10:20  Zergling x4  
  166  10:22  Overseer  
  166  10:25  Overseer  
  166  10:33  Overlord  
  166  10:46  Overlord x2  
  166  10:48  Overseer  
  166  10:49  Overseer x4  
  166  10:51  Zergling x2  
  166  10:52  Overlord  
  159  11:28  Zergling x4  
  159  11:29  Zergling x2  
  159  11:31  Zergling x8  
  152  11:35  Zergling x4  
  152  11:36  Zergling x10  
  152  11:37  Zergling x4  
  152  11:38  Zergling x4  
  161  11:56  Spore Crawler, Spine Crawler  
Tags
 
Add a new tag
Caveats
  • Supply blocks, unpowered buildings, or Contaminate may cause inaccurate times.
  • Supply counts are checked every 10 seconds.